Selects Heavy Armor Battlegroup
Construct Section Command Post
Construct Platoon Command Post
6-pounder Anti-tank Gun Team
Selects Rigorous Vehicle Training
Selects Engineer Detachments
Unlock M3 Stuart Light Tanks
6-pounder Anti-tank Gun Team
Selects Forward Repair Assembly
Selects UNKNOWN (2162094)
Selects Light Vehicle Withdraw and Refit
Selects Light Vehicle Withdraw and Refit
Construct Company Command Post
Unlock Towed 17-pounder Anti-tank Guns
17-pounder Anti-tank Gun Team